 Dungeon Crawl Stone Soup version 0.31-a0-1370-gf52a5a9ab3 (webtiles) character file.

Game seed: 3996464914306741258

59578 tilp the Jinx (level 14, -38/108 HPs)
             Began as a Vampire Enchanter on Dec 23, 2023.
             Was the Champion of Wu Jian.
             Killed from afar by a frost giant (46 damage)
             ... with a bolt of cold
             ... in an ice cave on Dec 24, 2023.
             The game lasted 00:41:30 (23093 turns).

tilp the Jinx (Vampire Enchanter)                  Turns: 23093, Time: 00:41:31

Health: -38/108    AC: 16    Str:  7    XL:     14   Next: 53%
Magic:  14/26      EV: 15    Int: 28    God:    Wu Jian [******]
Gold:   1697       SH:  7    Dex: 15    Spells: 19/30 levels left

rFire   . . .        a - +9 dagger (elec)
rCold   . . .        Y - +2 buckler
rNeg    . . .        B - +0 steam dragon scales
rPois   .            g - +1 helmet
rElec   .            v - +2 cloak {Stlth+}
rCorr   .            u - +1 pair of gloves
SInv    +            x - +1 pair of boots
Will    +....        R - amulet of regeneration
Stlth   ++++++       F - +6 ring of intelligence
HPRegen 1.38/turn    L - ring of flight
MPRegen 0.20/turn

%: no passive effects
@: flying, healing quickly
A: alive, fangs 3, see invisible, vampiric 2
a: Exsanguinate, Renounce Religion, Wall Jump, Serpent's Lash, Heavenly Storm


You were in an ice cave.
You worshipped Wu Jian.
Wu Jian was exalted by your worship.
You visited 4 branches of the dungeon, and saw 19 of its levels.
You also visited: Sewer, Ossuary and Ice Cave.

You collected 1873 gold pieces.
You spent 176 gold pieces at shops.

Inventory:

Hand Weapons
 a - a +9 dagger of electrocution (weapon)
 b - the +7 long sword of Malum Prohibitum {flame, rElec rC+ Will+}
   (You found it on level 6 of the Dungeon)

   rC+:       It protects you from cold.
   rElec:     It insulates you from electricity.
   Will+:     It increases your willpower.
Missiles
 r - 22 poisoned darts (quivered)
 I - 6 atropa-tipped darts
 K - 4 boomerangs
Armour
 g - a +1 helmet (worn)
 u - a +1 pair of gloves (worn)
 v - a +2 cloak of stealth (worn)
 x - a +1 pair of boots (worn)
 B - +0 steam dragon scales (worn)
 Y - a +2 buckler (worn)
Jewellery
 D - an amulet of reflection
 F - a +6 ring of intelligence (left hand)
 L - a ring of flight (right hand)
 R - an amulet of regeneration (around neck)
 S - a +6 ring of dexterity
 U - a ring of willpower
Wands
 C - a wand of acid (5)
 G - a wand of charming (13)
 H - a wand of iceblast (22)
 O - a wand of mindburst (33)
 P - a wand of flame (28)
 X - a wand of digging (9)
Scrolls
 h - 2 scrolls of vulnerability
 j - 9 scrolls of teleportation
 M - a scroll of fear
 Q - 2 scrolls of poison
Potions
 c - 2 potions of invisibility
 d - 3 potions of lignification
 e - a potion of haste
 f - 10 potions of curing
 i - 7 potions of heal wounds
 k - a potion of berserk rage
 l - 10 potions of cancellation
 m - 7 potions of attraction
 n - 5 potions of mutation
 o - 2 potions of resistance
 p - 7 potions of brilliance
 q - 3 potions of magic
 s - 6 potions of enlightenment
 w - 11 potions of ambrosia
Miscellaneous
 t - a tin of tremorstones (2/2)


   Skills:
 * Level 9.4 Fighting
 - Level 5.2(9.8) Short Blades
 * Level 11.8(12.2) Long Blades
 - Level 5.0 Armour
 + Level 8.6 Dodging
 - Level 12.0 Stealth
 - Level 4.0 Shields
 + Level 8.7 Spellcasting
 - Level 4.0 Conjurations
 + Level 14.0 Hexes
 - Level 2.0 Ice Magic
 + Level 6.4 Evocations


You had 19 spell levels left.
You knew the following spells:

 Your Spells              Type           Power      Damage    Failure   Level
a - Ensorcelled Hibernat  Hex/Ice        100%       N/A       1%          2
b - Confusing Touch       Hex            74%        N/A       1%          3
c - Tukima's Dance        Hex            74%        N/A       1%          3
d - Dazzling Flash        Conj/Hex       100%       N/A       1%          3

Your spell library contained the following spells:

 Spells                   Type           Power      Damage    Failure   Level
 Shock                    Conj/Air       92%        1d8       3%          1
 Sting                    Conj/Alch      92%        1d8       3%          1
 Anguish                  Hex/Necr       25%        N/A       4%          4
 Apportation              Tloc           24%        N/A       7%          1
 Necrotise                Necr           48%        1d6       7%          1
 Summon Small Mammal      Summ           48%        N/A       7%          1
 Scorch                   Fire           24%        2d6       11%         2
 Sublimation of Blood     Necr           12%        N/A       11%         2
 Fugue of the Fallen      Necr           12%        N/A       22%         3
 Swiftness                Air            12%        N/A       22%         3
 Flame Wave               Conj/Fire      23%        2d8       30%         4
 Airstrike                Air            6%         2d(1-17)  56%         4
 Petrify                  Alch/Erth      12%        N/A       56%         4
 Irradiate                Conj/Alch      11%        3d15      65%         5
 Summon Cactus Giant      Summ           6%         N/A       100%        6


Dungeon Overview and Level Annotations

Branches:
Dungeon (12/15)            Temple (1/1) D:5            Lair (5/5) D:11
 Shoals (0/4) Lair:2        Snake (0/4) Lair:3        Slime (0/5) Lair:4
    Orc (1/2) D:12          Sewer (visited)         Ossuary (visited)
  IceCv (1/1)

Altars:
Ashenzari
Cheibriados
Dithmenos
Fedhas
Gozag
Hepliaklqana
Kikubaaqudgha
Makhleb
Nemelex Xobeh
Okawaru
Qazlal
Ru
Sif Muna
Trog
Uskayaw
Vehumet
Wu Jian
Xom
Yredelemnul

Shops:
D:5 !=   Orc:1 ?

Annotations:
Lair:1 3 runed translucent doors, JaaP's ghost, journeyman OnGl
Orc:1 Fannar IceCv exclusion: ice statue


Innate Abilities, Weirdness & Mutations

Your natural rate of healing is accelerated.
You have razor-sharp teeth.
You have supernaturally acute eyesight. (SInv)
You are afflicted with vampirism and can become a bat while bloodless.


Message History

The frost giant points at you and mumbles some strange words.
The bolt of cold hits you!!!
Something bites the yak but does no damage.
Unknown command.
The frost giant attacks as it pursues you!
You block the frost giant's attack.
Unknown command.
Casting: Tukima's Dance (safe; 1% risk of failure)
Confirm with . or Enter, or press ? or * to list all spells.
Aiming: Tukima's Dance (safe; 1% risk of failure)
Press: ? - help, Shift-Dir - straight line, f/p - frost giant
Aim: a frost giant, wielding a +1 lajatang of freezing (chance to affect: 30%)
The frost giant easily resists.
Something bites the yak.
The frost giant hits you with a +1 lajatang of freezing.
The frost giant freezes you.
Unknown command.
The frost giant attacks as it pursues you!
The frost giant splashes around in the water.
Something bites the yak but does no damage.
Unknown command.
You spin and attack the frost giant.
You hit the frost giant but do no damage.
You bite the frost giant, but do no damage.
The frost giant hits you with a +1 lajatang of freezing!!
* * * LOW HITPOINT WARNING * * *
The frost giant freezes you!
* * * LOW HITPOINT WARNING * * *
Blink to where?
Press: ? - help, Dir - move target, p - frost giant
As you read the scroll of blinking, it crumbles to dust.
The frost giant points at you and mumbles some strange words.
The bolt of cold misses you.
As you read the scroll of summoning, it crumbles to dust.
Wisps of shadow whirl around you...
The frost giant points at you and mumbles some strange words.
The bolt of cold hits your yak! The bolt of cold hits your wolf!!!
Your wolf dies!
Your wolf's corpse dissolves into shadows!
The bolt of cold hits you!!!
You die...

..###.....##
.......h#####
.......#Y≈≈≈#
#########C≈≈#
#≈≈≈○§## ##
###≈≈○.## 8
###Y#.# ##.##
##h@# ####
##hh##
##..####
#.#h#
####.......
#†.##
##...##.....
##..##
#..#...#....
##..#
#..######...
##.# ##..##
##.# ##..#
##..## ###
#.#.# ##..##
#


You could see a frost giant (ally target), a yak, a wolf, a friendly polar bear
(summoned), a friendly yak (summoned) and 3 friendly wolves.

Vanquished Creatures
  A fire dragon (Lair:5)
  Erolcha (D:9)
  5 hydras
  6 death yaks
  3 two-headed ogres
  Urug (D:12)
  Nergalle (Orc:1)
  A fire crab (Lair:5)
  Amaemon (Lair:3)
  3 lindwurms
  2 manticores
  2 wolf spiders (Lair:5)
  An orc sorcerer (Orc:1)
  An ugly thing (D:11)
  2 cyclopes
  A salamander (Lair:3)
  5 black mambas
  5 elephants
  A gargoyle (D:12)
  3 molten gargoyles (Lair:5)
  2 unseen horrors
  An orange demon (Lair:3)
  9 rime drakes
  5 cane toads
  Jeremiah (D:6)
  11 komodo dragons
  6 polar bears
  3 meliai (Lair:4)
  5 trolls
  2 queen bees
  9 blink frogs
  2 hornets
  4 dream sheep
  Sigmund (D:6)
  A shadow (D:12)
  3 wraiths
  11 wyverns
  5 basilisks
  48 yaks
  5 steam dragons
  2 vampire mosquitoes (D:12)
  A warg (Orc:1)
  2 acid dragons
  The ghost of Shym the Cudgeller, an amateur TeRe of Yredelemnul (D:4)
  3 nagas (Lair:3)
  26 water moccasins
  Duvessa (D:4)
  5 hell hounds (Lair:5)
  7 orc warriors
  2 black bears
  An ice beast (D:5)
  2 sky beasts (D:7)
  28 wolves
  5 ogres
  A centaur (D:6)
  A phantom (D:6)
  2 kobold brigands
  A gnoll sergeant (D:9)
  12 bullfrogs
  4 scorpions
  A wight (Ossuary)
  Dowan (D:4)
  65 killer bees
  An electric eel (Lair:2)
  2 howler monkeys
  5 lava snakes (Lair:5)
  4 hounds
  6 jellies
  9 orc priests
  A gnoll bouda (D:5)
  2 spectral scorpions (Ossuary)
  Crazy Yiuf (D:6)
  2 centaur skeletons (Ossuary)
  9 hell rats
  An iguana (D:6)
  18 orc wizards
  A crocodile zombie (Ossuary)
  An ogre skeleton (Ossuary)
  Robin (D:2)
  10 mummies (Ossuary)
  10 gnolls
  29 adders
  A river rat (Sewer)
  2 white imps
  2 bombardier beetles
  2 ufetubi (D:5)
  4 worms
  2 dart slugs
  51 orcs
  8 ball pythons
  4 bats
  7 endoplasms
  9 giant cockroaches
  18 goblins
  12 hobgoblins
  25 kobolds
  6 quokkas
  4 frilled lizards
  2 gnoll skeletons (Ossuary)
  2 kobold skeletons (Ossuary)
  An orc skeleton (Ossuary)
  8 rats
  10 spectral rats (Ossuary)
647 creatures vanquished.

Vanquished Creatures (others)
  A yak (D:9)
  A dancing weapon (D:5)
  An adder (Lair:2)
3 creatures vanquished.

Grand Total: 650 creatures vanquished

Notes
Turn   | Place    | Note
-------+----------+-------------------------------------------
     0 | D:1      | tilp the Vampire Enchanter began the quest for the Orb.
     0 | D:1      | Reached XP level 1. HP: 13/13 MP: 3/3
     2 | D:1      | Noticed a minotaur
     2 | D:1      | Noticed a formicid
     4 | D:1      | Noticed a tengu
     6 | D:1      | Noticed a gargoyle
     6 | D:1      | Noticed an armataur
     8 | D:1      | Noticed a human
     8 | D:1      | Noticed an octopode
    10 | D:1      | Noticed a merfolk
    10 | D:1      | Noticed a ghoul
    12 | D:1      | Noticed an elf
    12 | D:1      | Noticed a demigod
    14 | D:1      | Noticed a demonspawn
    14 | D:1      | Noticed a naga
    16 | D:1      | Noticed an ogre
    18 | D:1      | Noticed a vine stalker
    18 | D:1      | Noticed a felid
    20 | D:1      | Noticed a troll
    20 | D:1      | Noticed a draconian
    22 | D:1      | Noticed a vampire
    24 | D:1      | Noticed a tengu
    26 | D:1      | Noticed a felid
    26 | D:1      | Noticed a minotaur
   125 | D:1      | Reached XP level 2. HP: 9/20 MP: 5/5
   128 | D:1      | Learned a level 2 spell: Ensorcelled Hibernation
   795 | D:1      | Reached skill level 1 in Long Blades
   808 | D:1      | Gained mutation: You are afflicted with vampirism and can
                  | become a bat while bloodless. [Vampire growth]
   808 | D:1      | Reached XP level 3. HP: 21/25 MP: 6/6
   812 | D:1      | Learned a level 3 spell: Confusing Touch
   841 | D:1      | Reached skill level 1 in Fighting
  1103 | D:2      | Found a faded altar of an unknown god.
  1103 | D:2      | Noticed Robin
  1139 | D:2      | Killed Robin
  1148 | D:2      | Reached XP level 4. HP: 21/32 MP: 1/7
  2221 | D:3      | Found a glowing drain.
  2260 | D:3      | Reached skill level 5 in Hexes
  2261 | Sewer    | Entered a sewer
  2337 | Sewer    | Reached XP level 5. HP: 38/38 MP: 3/8
  2497 | Sewer    | Reached skill level 1 in Ice Magic
  2562 | Sewer    | Reached skill level 5 in Stealth
  2665 | Sewer    | Learned a level 3 spell: Tukima's Dance
  3116 | D:3      | Found an ancient bone altar of Kikubaaqudgha.
  3250 | D:3      | Found a shadowy altar of Dithmenos.
  3700 | D:4      | Noticed Duvessa
  3702 | D:4      | Noticed Dowan
  3720 | D:4      | Killed Duvessa
  3721 | D:4      | Reached XP level 6. HP: 21/45 MP: 2/9
  3733 | D:4      | Killed Dowan
  4000 | D:4      | Found a runed translucent gate.
  4000 | D:4      | Found a runed translucent gate.
  4000 | D:4      | Found a runed translucent gate.
  4004 | D:4      | Noticed Shym's ghost (amateur TeRe)
  4174 | D:5      | Entered Level 5 of the Dungeon
  4174 | D:5      | Found a sand-covered staircase.
  4180 | Ossuary  | Entered an ossuary
  4447 | Ossuary  | Reached XP level 7. HP: 33/51 MP: 8/11
  4748 | Ossuary  | Reached skill level 1 in Armour
  4881 | D:5      | Found Irasum's Jewellery Boutique.
  5095 | D:5      | Found a sacrificial altar of Ru.
  5138 | D:5      | Reached skill level 6 in Hexes
  5322 | D:5      | Reached XP level 8. HP: 56/58 MP: 9/12
  5715 | D:5      | Found a staircase to the Ecumenical Temple.
  5732 | Temple   | Entered the Ecumenical Temple
  5759 | Temple   | Became a worshipper of the Wu Jian Council
  5948 | D:5      | Found Qoperghaf's Distillery.
  5956 | D:5      | Bought a potion of curing for 33 gold pieces
  5956 | D:5      | Bought a potion of enlightenment for 55 gold pieces
  5956 | D:5      | Bought a potion of lignification for 33 gold pieces
  5956 | D:5      | Bought a potion of heal wounds for 55 gold pieces
  6000 | D:6      | Learned a level 3 spell: Dazzling Flash
  6135 | D:6      | Noticed Sigmund
  6151 | D:6      | Killed Sigmund
  6152 | D:6      | Reached skill level 7 in Hexes
  6152 | D:6      | Noticed Jeremiah
  6292 | D:6      | Killed Jeremiah
  6293 | D:6      | Reached XP level 9. HP: 66/66 MP: 11/15
  6297 | D:6      | Reached skill level 5 in Long Blades
  6379 | D:6      | Reached skill level 1 in Conjurations
  6619 | D:6      | Reached * piety under Wu Jian
  6680 | D:6      | Identified the +7 long sword of Malum Prohibitum {flame,
                  | rElec rC+ Will+}
  6780 | D:6      | Found a runed translucent door.
  6781 | D:6      | Noticed Crazy Yiuf
  6924 | D:6      | Killed Crazy Yiuf
  7122 | D:7      | Reached skill level 8 in Hexes
  7131 | D:7      | Reached skill level 5 in Fighting
  7516 | D:7      | Found a blossoming altar of Fedhas.
  7777 | D:7      | Found a shimmering altar of Xom.
  7923 | D:7      | Reached skill level 5 in Dodging
  8934 | D:8      | Found a snail-covered altar of Cheibriados.
  9078 | D:9      | Noticed Erolcha
  9111 | D:9      | Killed Erolcha
  9112 | D:9      | Reached skill level 5 in Spellcasting
  9112 | D:9      | Reached skill level 1 in Evocations
  9112 | D:9      | Reached XP level 10. HP: 64/74 MP: 7/17
  9114 | D:9      | Reached ** piety under Wu Jian
  9247 | D:9      | Reached skill level 9 in Hexes
  9252 | D:9      | Reached skill level 5 in Short Blades
  9835 | D:9      | Noticed a two-headed ogre
  9843 | D:9      | Killed a two-headed ogre
 10049 | D:10     | Entered Level 10 of the Dungeon
 10050 | D:10     | Identified a scroll of acquirement
 10521 | D:10     | Noticed a two-headed ogre
 10527 | D:10     | Killed a two-headed ogre
 10528 | D:10     | Reached skill level 10 in Hexes
 10533 | D:10     | Reached XP level 11. HP: 81/81 MP: 16/19
 10545 | D:10     | Acquired 491 gold pieces
 11031 | D:10     | Reached *** piety under Wu Jian
 11375 | D:11     | Found a staircase to the Lair.
 11465 | D:11     | Noticed a purple ugly thing
 11489 | D:11     | Killed a purple ugly thing
 11510 | D:11     | Reached skill level 11 in Hexes
 11719 | D:11     | Reached **** piety under Wu Jian
 12257 | D:4      | Killed Shym's ghost
 12262 | D:4      | Paralysed by a kobold brigand for 1 turns
 12476 | Lair:1   | Entered Level 1 of the Lair of Beasts
 12519 | Lair:1   | Found a runed translucent gate.
 12519 | Lair:1   | Found a runed translucent gate.
 12525 | Lair:1   | Found a runed translucent gate.
 12542 | Lair:1   | Noticed an ice dragon
 12768 | Lair:1   | Reached skill level 10 in Stealth
 12905 | Lair:1   | Noticed JaaP's ghost (journeyman OnGl)
 13038 | Lair:1   | Reached skill level 12 in Hexes
 13745 | Lair:2   | Reached XP level 12. HP: 77/88 MP: 20/22
 13839 | Lair:2   | Found a staircase to the Shoals.
 13967 | Lair:2   | Noticed a six-headed hydra
 13980 | Lair:2   | Killed a one-headed hydra
 14344 | Lair:2   | Reached ***** piety under Wu Jian
 15767 | Lair:3   | Noticed a death yak
 15767 | Lair:3   | Noticed a death yak
 15768 | Lair:3   | Noticed Amaemon
 15768 | Lair:3   | Noticed a death yak
 15770 | Lair:3   | Killed a death yak
 16322 | Lair:3   | Killed Amaemon
 16323 | Lair:3   | Reached skill level 1 in Shields
 16502 | Lair:3   | Found a staircase to the Snake Pit.
 17135 | Lair:3   | Killed a death yak
 17140 | Lair:3   | Killed a death yak
 17141 | Lair:3   | Reached skill level 10 in Long Blades
 17528 | Lair:4   | Noticed a seven-headed hydra
 17546 | Lair:4   | Noticed a six-headed hydra
 17563 | Lair:3   | Reached XP level 13. HP: 81/96 MP: 21/24
 17568 | Lair:3   | Reached skill level 5 in Evocations
 17812 | Lair:4   | Found a staircase to the Slime Pits.
 18605 | Lair:4   | Reached skill level 13 in Hexes
 18826 | Lair:4   | Reached ****** piety under Wu Jian
 19074 | Lair:5   | Entered Level 5 of the Lair of Beasts
 19376 | Lair:5   | Reached skill level 5 in Armour
 20197 | Lair:5   | Reached XP level 14. HP: 106/106 MP: 26/26
 20632 | Lair:5   | Found a large runed translucent door.
 20633 | Lair:5   | Found a large runed translucent door.
 21549 | D:12     | Noticed Urug
 21555 | D:12     | Killed Urug
 21630 | D:12     | Found a staircase to the Orcish Mines.
 22055 | Orc:1    | Entered Level 1 of the Orcish Mines
 22055 | Orc:1    | Found Goluf's Magic Scroll Shop.
 22056 | Orc:1    | Noticed Fannar
 22140 | Orc:1    | Found a frozen archway.
 22147 | Orc:1    | Noticed Nergalle
 22160 | Orc:1    | Killed Nergalle
 22230 | IceCv    | Entered an ice cave
 22556 | IceCv    | Reached skill level 14 in Hexes
 22847 | IceCv    | Noticed a frost giant
 23091 | IceCv    | HP: 5/108 [frost giant/+1 lajatang of freezing (16)]
 23093 | IceCv    | Killed from afar by a frost giant

Illustrated notes

Levels and vault maps discovered:
D:1:      kb_arrival_jail, layout_basic, minmay_pentomino_w4
D:2:      layout_loops_corners, hellmonk_ecumenical_altar_lost_god, uniq_robin
D:3:      layout_basic, grunt_dithmenos_smoke, overflow_temple_1_default,
          mainiacjoe_overflow_two_lobes, serial_aquarium, aquarium_bridge_square
          [aquarium_subvault_balcony, aquarium_subvault_wall,
          aquarium_subvault_bridge, aquarium_subvault_window],
          aquarium_window_1, aquarium_window_2, aquarium_window_fake,
          aquarium_view_2a, aquarium_pool_four, portal_sewer_entry_f
D:4:      layout_rooms, gammafunk_ghost_nasty_kobolds,
          nicolae_twisty_statue_hallways, uniq_duvessa
D:5:      layout_gridville, old_standard_altar, minmay_temple_entry_mist,
          serial_shops, nicolae_shop_peninsula, shop, enter_ossuary_1
D:6:      layout_rooms, uniq_sigmund, uniq_crazy_yiuf_cottage, uniq_jeremiah
D:7:      layout_basic, mainiacjoe_overflow_chevrons,
          mainiacjoe_overflow_brackets
D:8:      layout_layer_cave, kennysheep_slug_shrine
D:9:      layout_roguey, uniq_erolcha
D:10:     layout_long_grid, special_room [special_room_bee]
D:11:     layout_cave_pods, david_lair_shrubbed, serial_bayou_crossing
D:12:     layout_long_grid, david_orc_5, uniq_urug
Temple:   jpeg_temple_clearing
Lair:1:   layout_cellular_growth, gammafunk_ghost_icy, lemuel_old_faithful
Lair:2:   lemuel_reptile_caves, layout_small_grid,
          mainiacjoe_shoals_entry_four_pools, lemuel_fruit_tree
Lair:3:   layout_regular_city, alex1729_snake_entry_snake, grunt_megastairs_3,
          uniq_amaemon
Lair:4:   regret_index_wax_grids, layout_loops_ring,
          nicolae_slime_entry_field_trip, grunt_megastairs_1
Lair:5:   cheibrodos_lair_end_hotspot, layout_long_grid,
          nicolae_lair_grove_arrangements, chequers_serial_rivers_micro_b,
          chequers_serial_rivers_marsh, nicolae_lair_run_with_the_wolves
Orc:1:    layout_caves, portal_ice_cave_rime, serial_shops, shop,
          nicolae_shop_hallway_plus, uniq_fannar, uniq_nergalle
IceCv:    ice_cave_small_giant

Skill      XL: |  1  2  3  4  5  6  7  8  9 10 11 12 13 14 |
---------------+-------------------------------------------+-----
Long Blades    | 1 2 3 4 6 9 10 11 | 11.8
Fighting       | 1 2 3 4 5 6 7 8 9 |  9.4
Hexes          | 5 6 7 8 10 12 13 14 | 14.0
Ice Magic      | 1 2 |  2.0
Short Blades   | 2 3 4 5 |  5.2
Stealth        | 5 6 7 8 10 11 12 | 12.0
Dodging        | 3 4 5 6 7 8 |  8.6
Armour         | 1 2 3 4 5 |  5.0
Spellcasting   | 3 4 5 7 8 |  8.7
Conjurations   | 1 2 3 4 |  4.0
Evocations     | 1 2 4 5 6 |  6.4
Shields        | 1 3 4 |  4.0

Action                     |  1- 3 |  4- 6 |  7- 9 | 10-12 | 13-15 || total
---------------------------+-------+-------+-------+-------+-------++-------
  Melee: Dagger            |   109 |   192 |   193 |   576 |   579 ||  1649
         Bite              |     8 |    27 |    28 |    57 |    95 ||   215
         Punch             |       |     1 |     8 |     6 |       ||    15
         Short sword       |       |    43 |    87 |       |       ||   130
         Long sword        |       |       |    10 |    44 |   136 ||   190
  Throw: Stone             |     2 |     1 |       |       |       ||     3
         Dart              |       |       |       |     1 |     3 ||     4
   Cast: Ensorcelled Hiber |    16 |    35 |    61 |   109 |   120 ||   341
         Confusing Touch   |       |     8 |    14 |    12 |    20 ||    54
         Tukima's Dance    |       |       |     1 |     7 |     4 ||    12
         Dazzling Flash    |       |       |     1 |     2 |     8 ||    11
Ability: Lunge             |       |       |    14 |    49 |    49 ||   112
         Whirlwind         |       |       |     9 |    11 |    15 ||    35
  Evoke: Wand              |       |       |     1 |       |       ||     1
    Use: Scroll            |     4 |     4 |    16 |    10 |     7 ||    41
         Potion            |       |     1 |       |     1 |     1 ||     3
   Stab: Sleeping          |    16 |    31 |    54 |    93 |    87 ||   281
         Confused          |       |     5 |     7 |    12 |    17 ||    41
         Invisible         |       |     1 |     1 |     2 |    11 ||    15
         Distracted        |       |       |       |     1 |     2 ||     3
 Armour: Robe              |    57 |    92 |   134 |   263 |    69 ||   615
         Leather armour    |       |    14 |       |       |       ||    14
         Steam dragon scal |       |       |       |       |   257 ||   257
  Dodge: Dodged            |    74 |   116 |   152 |   336 |   406 ||  1084
  Block: Other             |       |       |    20 |    43 |       ||    63
         Reflection        |       |       |     2 |       |       ||     2
         Buckler           |       |       |       |    32 |   255 ||   287

Table legend: (Time is in decaauts)
 A = Elapsed time spent in this place.
 B = Non-inter-level travel time spent in this place.
 C = Inter-level travel time spent in this place.
 D = Time resting spent in this place.
 E = Time spent auto-exploring this place.
 F = Levels seen in this place.
 G = Mean time per level.
                   A        B        C        D        E       F      G
               +--------+--------+--------+--------+--------+-----+--------+
         Total |  22721 |  21154 |   1567 |   2049 |  14428 |  22 | 1032.8 |
       Dungeon |  12168 |  11196 |    972 |    642 |   8412 |  12 | 1014.0 |
        Temple |     54 |      1 |     53 |      0 |      0 |   1 |   54.0 |
          Lair |   8321 |   7779 |    542 |    587 |   5634 |   5 | 1664.2 |
  Orcish Mines |    156 |    156 |      0 |     50 |      0 |   1 |  156.0 |
         Sewer |    561 |    561 |      0 |     31 |    341 |   1 |  561.0 |
       Ossuary |    619 |    619 |      0 |    223 |      0 |   1 |  619.0 |
      Ice Cave |    841 |    841 |      0 |    516 |     40 |   1 |  841.0 |
               +--------+--------+--------+--------+--------+-----+--------+

Top non-repeatable levels by time:
  Lair:3: 2239 daAuts
  Lair:5: 1833 daAuts
  Lair:4: 1610 daAuts
  Lair:2: 1361 daAuts
  Lair:1: 1276 daAuts
    D:10: 1236 daAuts
     D:7: 1186 daAuts
     D:5: 1168 daAuts
     D:2: 1066 daAuts
     D:9: 1061 daAuts
    D:11: 1047 daAuts
     D:3: 1027 daAuts
     D:6: 1023 daAuts
     D:1: 976 daAuts
     D:8: 915 daAuts
